 Dungeon Crawl Stone Soup version 0.32-a0-560-g4c7f4391e0 (webtiles) character file.

Game seed: 17913768987305692325

30447 DiddlyDoom the Bludgeoner (level 13, -5/84 HPs)
             Began as a Gargoyle Berserker on Feb 29, 2024.
             Was a Priest of Trog.
             Slain by a ten-headed hydra (8 damage)
             ... on level 14 of the Dungeon.
             The game lasted 00:45:00 (11355 turns).

DiddlyDoom the Bludgeoner (Gargoyle Berserker)     Turns: 11355, Time: 00:45:01

Health: -5/84      AC: 35    Str: 23    XL:     13   Next: 51%
Magic:  13/13      EV:  9    Int: 10    God:    Trog [***...]
Gold:   1074       SH:  0    Dex: 19    Spells: 12/12 levels left

rFire   . . .        S - +2 bardiche (elec)
rCold   + . .        (shield currently unavailable)
rNeg    + . .        e - +2 plate armour
rPois   ∞            z - +2 helmet {Int+3}
rElec   +            G - +2 cloak {Will+}
rCorr   .            g - +0 pair of gloves
SInv    .            (no boots)
Will    +++..        (no amulet) Stlth
                     k - +6 ring of dexterity
HPRegen 1.34/turn    j - ring of protection from cold
MPRegen 0.13/turn

%: no passive effects
@: about to teleport, strong-willed, on berserk cooldown, regenerating, slowed,
very slow
A: sickness immunity, AC +9, negative energy resistance 1, electricity
resistance, torment resistance 1, petrification resistance
a: Renounce Religion, Berserk, Trog's Hand


You were on level 14 of the Dungeon.
You worshipped Trog.
Trog was most pleased with you.
You visited 1 branch of the dungeon, and saw 13 of its levels.

You collected 1074 gold pieces.

Inventory:

Hand Weapons
 a - a +1 mace
 h - the +8 flail of Defence by Offence {speed, rC- Will+ Str+5}
   (You acquired it on level 2 of the Dungeon)

   Str+5:     It affects your strength (+5).
   rC-:       It makes you vulnerable to cold.
   Will+:     It increases your willpower.
 r - a +0 flail
 S - a +2 bardiche of electrocution (weapon)
 T - a +3 great mace
 V - a +1 scimitar of flaming
Missiles
 B - a throwing net
Armour
 b - a +0 animal skin
 c - a +0 leather armour
 e - a +2 plate armour (worn)
 g - a +0 pair of gloves (worn)
 i - a +1 helmet
 z - a +2 helmet of intelligence (worn)
 G - a +2 cloak of willpower (worn)
 J - a +0 kite shield
 R - a +2 kite shield
Jewellery
 j - a ring of protection from cold (right hand)
 k - a +6 ring of dexterity (left hand)
 q - a ring of magical power
 v - a ring of magical power
 Q - a +6 ring of intelligence
Talismans
 t - a talisman of death
Wands
 p - a wand of polymorph (12)
 u - a wand of flame (42)
 w - a wand of mindburst (15)
 x - a wand of paralysis (11)
 I - a wand of digging (8)
 K - a wand of light (9)
 P - a wand of iceblast (5)
Scrolls
 m - 3 scrolls of teleportation
 o - 4 scrolls of amnesia
 y - a scroll of vulnerability
 A - 3 scrolls of fear
 D - a scroll of blinking
 H - a scroll of silence
 L - 4 scrolls of identify
 O - 2 scrolls of poison
Potions
 d - a potion of attraction
 f - 2 potions of enlightenment
 l - a potion of might
 n - 5 potions of brilliance
 C - a potion of berserk rage (quivered)
 E - 2 potions of lignification
 F - 3 potions of degeneration
 M - a potion of haste
 N - a potion of invisibility
 U - a potion of mutation


   Skills:
 + Level 11.0 Fighting
 + Level 15.4 Maces & Flails
 + Level 12.2 Armour
 + Level 3.2 Dodging
 + Level 2.0 Stealth
 + Level 8.0 Shields
 + Level 0.3 Unarmed Combat
 + Level 1.9 Evocations


You had 12 spell levels left.
You didn't know any spells.
Your spell library was empty.

Dungeon Overview and Level Annotations

Branches:
Dungeon (14/15)            Temple (0/1) D:7            Lair (0/5) D:9
    Orc (0/2) D:11         Vaults (0/5) D:13

Altars:
Elyvilon
Trog
Uskayaw

Shops:
D:6 (   D:8 :   D:11 =   D:13 =


Innate Abilities, Weirdness & Mutations

You are immune to sickness and miasma.
Your stone body is resilient. (AC +9)
You are immune to poison.
You resist negative energy. (rN+)
You are resistant to electric shocks. (rElec)
You are resistant to unholy torment.
You are immune to petrification.


Message History

The ten-headed hydra barely misses you.
The ten-headed hydra bites you but does no damage. x7
The ten-headed hydra closely misses you.
The ten-headed hydra bites you but does no damage. x2
The ten-headed hydra closely misses you.
The ten-headed hydra bites you but does no damage.
The ten-headed hydra bites you. x2
The ten-headed hydra bites you but does no damage.
The ten-headed hydra closely misses you.
The ten-headed hydra bites you but does no damage. x4
The ten-headed hydra bites you.
* * * LOW HITPOINT WARNING * * *
The ten-headed hydra bites you.
* * * LOW HITPOINT WARNING * * *
The ten-headed hydra bites you but does no damage. x4
The ten-headed hydra barely misses you.
Okay, then.
As you read the scroll of teleportation, it crumbles to dust.
You feel strangely unstable.
The ten-headed hydra bites you but does no damage. x4
The ten-headed hydra barely misses you.
The ten-headed hydra bites you but does no damage. x5
Your skin crawls.
You feel strong-willed.
You can no longer call in reinforcements.
The ten-headed hydra bites you but does no damage.
The ten-headed hydra bites you!
* * * LOW HITPOINT WARNING * * *
The ten-headed hydra bites you but does no damage.
The ten-headed hydra bites you!
* * * LOW HITPOINT WARNING * * *
The ten-headed hydra bites you.
* * * LOW HITPOINT WARNING * * *
The ten-headed hydra closely misses you.
The ten-headed hydra bites you.
* * * LOW HITPOINT WARNING * * *
The ten-headed hydra bites you but does no damage. x6
The ten-headed hydra closely misses you.
The ten-headed hydra barely misses you. The ten-headed hydra bites you!
You die...

#######.#,*,...#..#** *,,,,,,**
#.#,.#,,,,*,* ******,,*
#.#.,.#,,,,** ******,*
#.#.[,..###* *,,,,,,,
#.#,..#....## *,,,,,,,
#.#,,#....#.# *,,,,,,,
#.#.#.,..#..# *,,,,,,,
#.##....#D..# *,,,,,,,
#.#***#...@.# *<,,,,,,
#.##....###.# *,,,,,,, #.#.#...#
#.# ****,*** #.#..#..# #.# *,,##
#.#...#.###'######### **..#
#.#,............[...###*#.#
#.###...........###...###.#
#######.##..........###,###......
#........#......(..##,,,,,##.....


You could see a ten-headed hydra.

Vanquished Creatures
  A sphinx (D:14)
  A fire giant (D:14)
  An entropy weaver (shapeshifter) (D:14)
  8 vault guards (D:13)
  An ogre mage (D:14)
  2 centaur warriors
  3 boulder beetles
  2 two-headed ogres
  A death knight (D:14)
  An orc knight (D:11)
  A wolf spider (D:14)
  2 deep elf pyromancers
  A manticore (D:14)
  8 ugly things
  Maurice (D:7)
  4 cyclopes
  5 unseen horrors
  An efreet (D:14)
  A rime drake (shapeshifter) (D:14)
  A freezing wraith (D:14)
  4 trolls
  A tengu conjurer (D:14)
  Prince Ribbit (D:8)
  A hornet (D:9)
  A shadow (D:12)
  3 yaks (D:9)
  2 wraiths (D:11)
  2 steam dragons
  8 vampire mosquitoes
  Menkaure (D:7)
  3 ice beasts
  3 black bears
  7 orc warriors
  An ogre (D:4)
  3 sky beasts
  5 centaurs
  3 kobold brigands
  7 bullfrogs
  2 scorpions
  19 killer bees
  A howler monkey (D:9)
  2 electric eels (D:11)
  9 hounds
  6 orc priests
  Crazy Yiuf (D:4)
  Jessica (D:2)
  2 gnoll boudas
  A sleepcap (D:3)
  3 iguanas
  8 orc wizards
  Robin (D:2)
  13 gnolls
  9 adders
  2 white imps
  4 ufetubi (D:5)
  A dart slug (D:2)
  26 orcs
  8 ball pythons
  5 endoplasms
  17 goblins
  12 hobgoblins
  9 jackals
  28 kobolds
  5 quokkas
  2 bats (D:2)
  2 frilled lizards
  4 rats
305 creatures vanquished.

Notes
Turn   | Place    | Note
-------+----------+-------------------------------------------
     0 | D:1      | DiddlyDoom the Gargoyle Berserker began the quest for the
                  | Orb.
     0 | D:1      | Reached XP level 1. HP: 14/14 MP: 1/1
    69 | D:1      | Reached XP level 2. HP: 14/19 MP: 2/2
   781 | D:2      | Reached XP level 3. HP: 24/24 MP: 3/3
   834 | D:2      | Identified a scroll of acquirement
   834 | D:2      | Acquired the +8 flail of Defence by Offence {speed, rC-
                  | Will+ Str+5}
   946 | D:2      | Noticed Robin
   962 | D:2      | Killed Robin
   963 | D:2      | Reached XP level 4. HP: 23/29 MP: 4/4
  1134 | D:2      | Reached skill level 4 in Maces & Flails
  1150 | D:2      | Reached ** piety under Trog
  1275 | D:2      | Noticed Jessica
  1279 | D:2      | Killed Jessica
  1497 | D:3      | Reached XP level 5. HP: 33/33 MP: 5/5
  2006 | D:4      | Noticed a black bear
  2011 | D:4      | Killed a black bear
  2012 | D:4      | Reached skill level 5 in Maces & Flails
  2012 | D:4      | Reached XP level 6. HP: 39/39 MP: 6/6
  2097 | D:4      | Reached skill level 1 in Stealth
  2145 | D:4      | Reached skill level 6 in Maces & Flails
  2145 | D:4      | Reached XP level 7. HP: 44/44 MP: 7/7
  2457 | D:4      | Reached *** piety under Trog
  2550 | D:4      | Reached skill level 5 in Fighting
  2615 | D:4      | Found a hide-covered altar of Uskayaw.
  2811 | D:4      | Found a runed translucent door.
  2812 | D:4      | Noticed Crazy Yiuf
  2823 | D:4      | Killed Crazy Yiuf
  2824 | D:4      | Reached skill level 7 in Maces & Flails
  3285 | D:5      | Entered Level 5 of the Dungeon
  3311 | D:5      | Reached XP level 8. HP: 49/49 MP: 8/8
  3486 | D:5      | Found a white marble altar of Elyvilon.
  4126 | D:6      | Reached skill level 8 in Maces & Flails
  4170 | D:6      | Reached skill level 5 in Armour
  4258 | D:6      | Found Xuinaf's Antique Weapon Boutique.
  4848 | D:7      | Noticed Maurice
  4865 | D:7      | Killed Maurice
  4866 | D:7      | Reached skill level 9 in Maces & Flails
  4866 | D:7      | Reached XP level 9. HP: 56/56 MP: 9/9
  4879 | D:7      | Reached skill level 10 in Maces & Flails
  4886 | D:7      | Noticed Menkaure
  4887 | D:7      | Reached **** piety under Trog
  4909 | D:7      | Killed Menkaure
  5086 | D:7      | Found a bloodstained altar of Trog.
  5374 | D:7      | Found a staircase to the Ecumenical Temple.
  5677 | D:8      | Noticed a boulder beetle
  5699 | D:8      | Killed a boulder beetle
  5700 | D:8      | Reached skill level 11 in Maces & Flails
  5700 | D:8      | Reached XP level 10. HP: 27/63 MP: 10/10
  6082 | D:8      | Found Hosuolua's Book Boutique.
  6701 | D:8      | Noticed Prince Ribbit
  6705 | D:8      | Killed Prince Ribbit
  6706 | D:8      | Reached skill level 1 in Shields
  6950 | D:9      | Noticed a two-headed ogre
  6957 | D:9      | Killed a two-headed ogre
  6958 | D:9      | Reached skill level 12 in Maces & Flails
  7084 | D:9      | Found a staircase to the Lair.
  7242 | D:9      | Reached skill level 1 in Evocations
  7247 | D:9      | Reached XP level 11. HP: 63/68 MP: 11/11
  7264 | D:9      | You fall into a shaft and drop 2 floors!
  7305 | D:11     | HP: 1/68 [orc priest/divine providence (10)]
  7710 | D:11     | Found Yduobby's Jewellery Shoppe.
  7803 | D:11     | Reached skill level 13 in Maces & Flails
  8114 | D:11     | Reached ***** piety under Trog
  8396 | D:11     | Noticed an orc knight
  8406 | D:11     | Killed an orc knight
  8407 | D:11     | Found a staircase to the Orcish Mines.
  8552 | D:12     | Noticed a cyan ugly thing
  8561 | D:12     | Killed a cyan ugly thing
  8587 | D:12     | Noticed a cyan ugly thing
  8596 | D:12     | Killed a cyan ugly thing
  8620 | D:12     | Noticed a deep elf pyromancer
  8630 | D:12     | Killed a deep elf pyromancer
  8637 | D:12     | Noticed a cyclops
  8650 | D:12     | Killed a cyclops
  8734 | D:12     | Noticed a cyclops
  8743 | D:12     | Killed a cyclops
  8843 | D:12     | Noticed a two-headed ogre
  8853 | D:12     | Killed a two-headed ogre
  8856 | D:12     | Reached skill level 10 in Armour
  8858 | D:12     | Reached skill level 5 in Shields
  8858 | D:12     | Reached XP level 12. HP: 76/76 MP: 12/12
  9212 | D:13     | Found Rasij's Jewellery Shop.
  9290 | D:13     | Noticed a boulder beetle
  9307 | D:13     | Killed a boulder beetle
  9382 | D:13     | Reached skill level 14 in Maces & Flails
  9441 | D:13     | Noticed a centaur warrior
  9451 | D:13     | Killed a centaur warrior
  9696 | D:13     | Found a gate to the Vaults.
  9696 | D:13     | Noticed a vault guard
  9696 | D:13     | Noticed a vault guard
  9696 | D:13     | Noticed a vault guard
  9696 | D:13     | Noticed a vault guard
  9696 | D:13     | Noticed a vault guard
  9696 | D:13     | Noticed a vault guard
  9698 | D:13     | Noticed a vault guard
  9698 | D:13     | Noticed a vault guard
  9704 | D:13     | Killed a vault guard
  9713 | D:13     | Killed a vault guard
  9722 | D:13     | Killed a vault guard
  9729 | D:13     | Killed a vault guard
  9738 | D:13     | Killed a vault guard
  9757 | D:13     | Killed a vault guard
  9766 | D:13     | Killed a vault guard
  9776 | D:13     | Killed a vault guard
  9777 | D:13     | Reached skill level 10 in Fighting
 10389 | D:14     | Noticed a death knight
 10399 | D:14     | Killed a death knight
 10464 | D:14     | Reached XP level 13. HP: 79/82 MP: 13/13
 10964 | D:14     | a black bear changed into an entropy weaver
 10964 | D:14     | Noticed an entropy weaver (shapeshifter)
 10974 | D:14     | Killed an entropy weaver
 10975 | D:14     | Reached skill level 15 in Maces & Flails
 11330 | D:14     | Noticed a sphinx
 11331 | D:14     | Noticed a fire giant
 11339 | D:14     | Killed a sphinx
 11349 | D:14     | Killed a fire giant
 11355 | D:14     | HP: 3/84 [ten-headed hydra (3)]
 11355 | D:14     | Slain by a ten-headed hydra

Illustrated notes

Levels and vault maps discovered:
D:1:      kennysheep_arrival_forest, layout_basic
D:2:      layout_loops_ring, kennysheep_donut, kennysheep_generic_room_8,
          uniq_robin, uniq_jessica
D:3:      layout_basic
D:4:      cheibrodos_thug_alley, layout_basic, overflow_temple_1_default,
          serial_corexii_hall, corexii_hall_statues_s, corexii_hall_statues_i,
          st_stairs_5, minmay_misc_feat_diagonals, supply_closet_lemuel,
          minmay_crossroads, uniq_crazy_yiuf_cottage
D:5:      layout_loops_cross, amcnicky_altar_gilded, grunt_ministairs_4
D:6:      layout_gridville, serial_shops, shop_coins
D:7:      layout_cave_pools, nicolae_overflow_crystal_walls,
          lemuel_temple_firewalk_b, uniq_maurice, uniq_menkaure
D:8:      layout_cave_pods, serial_shops, nicolae_shop_window_shopping,
          corexii_leaking_fountain, uniq_prince_ribbit1
D:9:      layout_basic, lair_entry_dummy
D:11:     layout_irregular_city, erik_orc_2, serial_shops, shop, minivault_25,
          minmay_parallelograms
D:12:     layout_cave_pools, chequers_serial_rivers_room_b, feat_on_display
D:13:     layout_grid_maze, erik_vaults_2, serial_shops,
          nicolae_shop_temple_entry_statues_fountains
D:14:     layout_roguey, hangedman_decor_diamond_cutter,
          minmay_checkered_concentric_circles

Skill      XL: |  1  2  3  4  5  6  7  8  9 10 11 12 13 |
---------------+----------------------------------------+-----
Fighting       | 4 5 6 7 8 9 10 11 | 11.0
Maces & Flails | 4 5 6 7 9 11 12 13 14 15 | 15.4
Armour         | 3 4 5 7 8 10 11 12 | 12.2
Stealth        | 1 2 |  2.0
Dodging        | 2 3 |  3.2
Shields        | 2 5 7 8 |  8.0
Evocations     | 1 |  1.9
Unarmed Combat | |  0.3

Action                     |  1- 3 |  4- 6 |  7- 9 | 10-12 | 13-15 || total
---------------------------+-------+-------+-------+-------+-------++-------
  Melee: Mace              |    73 |       |       |       |       ||    73
         Flail             |    16 |    77 |   292 |   466 |       ||   851
         Unarmed           |       |       |     4 |       |       ||     4
         Great mace        |       |       |       |     8 |   114 ||   122
         Bardiche          |       |       |       |       |     5 ||     5
 Invoke: Berserk           |     4 |     3 |    10 |    17 |     7 ||    41
         Trog's Hand       |       |       |     1 |     5 |     3 ||     9
  Evoke: Wand              |       |       |       |     4 |       ||     4
    Use: Scroll            |     5 |     4 |    12 |     5 |     7 ||    33
         Potion            |       |       |     2 |     3 |     6 ||    11
   Stab: Distracted        |     1 |       |       |       |       ||     1
 Armour: Animal skin       |    14 |       |       |       |       ||    14
         Plate armour      |    89 |    49 |   211 |   472 |   258 ||  1079
         Skin              |       |       |     1 |       |       ||     1
  Dodge: Dodged            |    32 |    24 |   108 |   123 |    47 ||   334
  Block: Kite shield       |       |       |       |   257 |       ||   257

Table legend: (Time is in decaauts)
 A = Elapsed time spent in this place.
 B = Non-inter-level travel time spent in this place.
 C = Inter-level travel time spent in this place.
 D = Time resting spent in this place.
 E = Time spent auto-exploring this place.
 F = Levels seen in this place.
 G = Mean time per level.
                   A        B        C        D        E       F      G
               +--------+--------+--------+--------+--------+-----+--------+
         Total |  11435 |   9825 |   1610 |   1290 |   6219 |  13 |  879.6 |
       Dungeon |  11435 |   9825 |   1610 |   1290 |   6219 |  13 |  879.6 |
               +--------+--------+--------+--------+--------+-----+--------+

Top non-repeatable levels by time:
     D:8: 1427 daAuts
     D:4: 1318 daAuts
    D:11: 1259 daAuts
    D:13: 1220 daAuts
    D:14: 1054 daAuts
     D:1: 806 daAuts
     D:5: 776 daAuts
     D:6: 769 daAuts
     D:2: 730 daAuts
    D:12: 592 daAuts
     D:7: 540 daAuts
     D:3: 521 daAuts
     D:9: 416 daAuts
